AoeStats
← pelto

Nomad

509003782Analyzed
4v4 RM · 8d ago on Sep 25, 2026· 29m 33s· 8 players
Game mode
Random Map
Map size
231×231
Population
200
Speed
Normal
Resources
Standard
Victory
Conquest
Starting age
Dark Age
Ending age
Imperial Age
RankedLock teamsTeams togetherTeam positionsShared explorationLock speedFull tech treeHidden civsTurbo modeCheats
Victory
Defeat
🇺🇸 Magyars · United States
913
+18
🇺🇸 Japanese · United States
898
+19
🇺🇸 Spanish · United States
872
+20
🇺🇸 Aztecs · United States
811
+21
🇺🇸 Spanish · United States
1000
-69
🇺🇸 Wei · United States
997
-21
🇦🇺 Poles · Australia
939
-19
🇺🇸 Vietnamese · United States
898
-17
granttheath
11:18 Loom
13:50 Feudal Age
15:27 Double-Bit Axe
22:11 Castle Age
21:00 Horse Collar
24:19 Bow Saw
25:28 Wheelbarrow
25:47 Scale Barding Armor
25:53 Forging
25:49 Gold Mining
25:49 Stone Mining
PACKITUP
9:27 Loom
16:18 Feudal Age
17:42 Double-Bit Axe
19:05 Forging
19:09 Bloodlines
19:42 Scale Barding Armor
20:03 Horse Collar
Bruin878
3:45 Loom
18:26 Feudal Age
pelto
22:30 Feudal Age
22:33 Loom
martinjohn
7:26 Loom
17:01 Feudal Age
18:18 Wheelbarrow
17:34 Fishing Lines
18:04 Double-Bit Axe
19:38 Man-at-Arms
22:02 Scale Mail Armor
24:16 Castle Age
26:28 Gillnets
27:18 Hand Cart
27:58 Stone Mining
Cobra Car
4:05 Loom
14:51 Feudal Age
15:08 Man-at-Arms
21:38 Castle Age
21:45 Long Swordsman
23:43 Double-Bit Axe
24:19 Gambesons
24:35 Squires
24:21 Arson
25:20 Scale Mail Armor
27:48 Pikeman
kevinmcgill59
4:48 Loom
17:17 Feudal Age
19:34 Fletching
22:06 Castle Age
23:53 Bodkin Arrow
billculviner
7:14 Loom
16:12 Feudal Age
18:40 Double-Bit Axe
19:42 Forging
21:38 Castle Age
19:44 Scale Mail Armor
21:00 Horse Collar
22:09 Eagle Warrior
22:59 Squires
24:26 Iron Casting
24:46 Heavy Plow
26:29 Arson
27:26 Wheelbarrow
27:29 Chain Mail Armor
Connection lost

Rejoining the realm…

Still unreachable

The connection could not be restored.

Session expired

The server has moved on; the page needs a fresh start.